 Dungeon Crawl Stone Soup version 0.28.0-45-g0d030f2227 (webtiles) character file.

Game seed: 10498270882587185242

162255 raph the Impaler (level 17, -1/147 HPs)
             Began as a Merfolk Gladiator on May 2, 2022.
             Was a Plaything of Xom.
             Killed by divine providence
             ... invoked by a smoke demon
              (10 damage)
             ... on level 3 of the Abyss on May 3, 2022.
             The game lasted 01:17:25 (41536 turns).

raph the Impaler (Merfolk Gladiator)               Turns: 41536, Time: 01:17:25

Health: -1/147     AC: 32    Str: 11 (12) XL:     17   Next: 80%
Magic:  2/18       EV: 22    Int:  7 (10) God:    Xom [.*....]
Gold:   1157       SH:  0    Dex: 23 (25) Spells: 16/16 levels left

rFire   + + .      SeeInvis +   a - +4 glaive (flame)
rCold   + + +      Faith    .   (shield currently unavailable)
rNeg    + + +      Spirit   .   g - +0 fire dragon scales
rPois   ∞          Reflect  .   k - +3 crown of Dyrovepreva {rElec Int+2 SInv}
rElec   +          Harm     .   W - +2 cloak
rCorr   .          Rampage  .   z - +2 pair of gloves of Ebutaena {+Inv}
Will    ++...                   (no boots)
Stlth   +.........              u - amulet of the acrobat
HPRegen 0.00/turn               w - ring of the Tortoise {AC+8}
MPRegen 0.16/turn               G - ring "Saheist" {rElec rPois rC+ Dex+2}

@: confused, lich-form, sick, studying Fighting
A: draining attack, torment immunity, no potions, (nimble swimmer 2), mertail,
antennae 2, iridescent scales 1, cold resistance 2, deformed body, deterioration
1, high MP 1, mutation resistance 1, sense surroundings 2, screaming 1, weak 1,
sturdy frame 1
a: Renounce Religion, Evoke Invisibility


You were on level 3 of the Abyss.
You worshipped Xom.
You were a plaything of Xom.
You were an undead lich.
You visited 4 branches of the dungeon, and saw 25 of its levels.
You visited the Abyss 1 time.
You also visited: Ossuary, Gauntlet, Ice Cave and Volcano.

You collected 4801 gold pieces.
You spent 3644 gold pieces at shops.

Inventory:

Hand Weapons
 a - a +4 glaive of flaming (weapon)
 b - a +2 glaive of venom
 R - a +0 glaive of protection
Missiles
 d - 2 throwing nets
 q - 42 poisoned darts
 Y - 2 javelins (quivered)
Armour
 g - +0 fire dragon scales (worn)
 k - the +3 crown of Dyrovepreva (worn) {rElec Int+2 SInv}
   (You found it in a Gauntlet)

   Int:       It affects your intelligence (+2).
   rElec:     It insulates you from electricity.
   SInv:      It lets you see invisible.
 p - the +0 hat of Winter {Int+7}
   (You found it in an ice cave)

   Int:       It affects your intelligence (+7).
 z - the +2 pair of gloves of Ebutaena (worn) {+Inv}
   (You acquired it on level 11 of the Dungeon)

   +Inv:      It lets you turn invisible.
 E - +2 ice dragon scales
 W - a +2 cloak (worn)
Jewellery
 j - a ring of willpower
 u - an amulet of the acrobat (around neck)
 w - the ring of the Tortoise (left hand) {AC+8}
   (You bought it in a shop on level 2 of the Orcish Mines)

   [ring of protection]

   AC:        It affects your AC (+8).
 A - a ring of flight
 G - the ring "Saheist" (right hand) {rElec rPois rC+ Dex+2}
   (You took it off an orc wizard on level 8 of the Dungeon)

   [ring of protection from cold]

   Dex:       It affects your dexterity (+2).
   rC:        It protects you from cold.
   rElec:     It insulates you from electricity.
   rPois:     It protects you from poison.
 X - a +6 ring of intelligence
Wands
 c - a wand of mindburst (16)
 i - a wand of iceblast (5)
 m - a wand of flame (6)
 s - a wand of paralysis (10)
 F - a wand of acid (8)
 Z - a wand of digging (27)
Scrolls
 e - a scroll of fog
 h - 6 scrolls of fear
 l - 8 scrolls of teleportation
 o - 2 scrolls of holy word
 y - 2 scrolls of silence
 B - 2 scrolls of immolation
 D - 2 scrolls of amnesia
 I - 3 scrolls of summoning
 J - 3 scrolls of blinking
 U - a scroll of magic mapping
Potions
 f - 2 potions of brilliance
 n - a potion of ambrosia
 r - 3 potions of magic
 t - 5 potions of mutation
 H - 2 potions of invisibility
 L - a potion of cancellation
 M - 3 potions of flight
 N - a potion of heal wounds
 P - 4 potions of curing
Miscellaneous
 v - a condenser vane
 x - a box of beasts
 S - a lightning rod (4/4)
 V - a phantom mirror


   Skills:
 * Level 17.0 Fighting
 - Level 20.0 Polearms
 + Level 10.8 Throwing
 + Level 8.1 Armour
 * Level 19.3 Dodging
 + Level 12.5 Stealth
 + Level 6.8 Evocations


You had 16 spell levels left.
You didn't know any spells.
Your spell library contained the following spells:

 Spells                   Type           Power      Damage    Failure   Level
 Animate Skeleton         Necr           0%         N/A       83%         1
 Apportation              Tloc           0%         N/A       83%         1
 Beastly Appendage        Tmut           0%         N/A       83%         1
 Foxfire                  Conj/Fire      0%         2x1d4     83%         1
 Pain                     Necr           0%         1d4       83%         1
 Sting                    Tmut/Pois      0%         1d3       83%         1
 Summon Small Mammal      Summ           0%         N/A       83%         1
 Blink                    Tloc           0%         N/A       93%         2
 Corpse Rot               Necr/Air       0%         N/A       93%         2
 Poisonous Vapours        Pois/Air       0%         N/A       93%         2
 Scorch                   Fire           0%         2d5       93%         2
 Wereblood                Tmut           0%         N/A       93%         2
 Call Canine Familiar     Summ           0%         N/A       99%         3
 Confusing Touch          Hex            0%         N/A       99%         3
 Conjure Flame            Conj/Fire      0%         6-21      99%         3
 Dazzling Flash           Conj/Hex       0%         N/A       99%         3
 Inner Flame              Hex/Fire       0%         N/A       99%         3
 Lesser Beckoning         Tloc           0%         N/A       99%         3
 Ozocubu's Armour         Ice            0%         N/A       99%         3
 Spider Form              Tmut/Pois      0%         N/A       99%         3
 Stone Arrow              Conj/Erth      0%         3d7       99%         3
 Summon Guardian Golem    Hex/Summ       0%         N/A       99%         3
 Teleport Other           Tloc           0%         N/A       99%         3
 Vampiric Draining        Necr           0%         2d6       99%         3
 Animate Armour           Summ/Erth      0%         N/A       100%        4
 Cause Fear               Hex            0%         N/A       100%        4
 Flame Wave               Conj/Fire      0%         2d4       100%        4
 Hailstorm                Conj/Ice       0%         3d3       100%        4
 Ice Form                 Ice/Tmut       0%         N/A       100%        4
 Iskenderun's Mystic Bla  Conj/Tloc      0%         2d3       100%        4
 Olgreb's Toxic Radiance  Pois           0%         N/A       100%        4
 Agony                    Necr           0%         N/A       100%        5
 Alistair's Intoxication  Tmut/Pois      0%         N/A       100%        5
 Blade Hands              Tmut           0%         N/A       100%        5
 Irradiate                Conj/Tmut      0%         3d13      100%        5
 Manifold Assault         Tloc           0%         N/A       100%        5
 Metabolic Englaciation   Hex/Ice        0%         N/A       100%        5
 Silence                  Hex/Air        0%         N/A       100%        5
 Summon Forest            Summ/Tloc      0%         N/A       100%        5
 Yara's Violent Unravell  Hex/Tmut       0%         3d3       100%        5
 Simulacrum               Ice/Necr       0%         N/A       100%        6
 Starburst                Conj/Fire      0%         6d3       100%        6
 Summon Cactus Giant      Summ           0%         N/A       100%        6
 Dragon Form              Tmut           0%         N/A       100%        7
 Enfeeble                 Hex            0%         N/A       100%        7
 Discord                  Hex            0%         N/A       100%        8
 Lehudib's Crystal Spear  Conj/Erth      0%         10d2      100%        8


Dungeon Overview and Level Annotations

Branches:
Dungeon (15/15)            Temple (0/1) D:5            Lair (6/6) D:9
  Swamp (2/4) Lair:4        Snake (0/4) Lair:2        Slime (0/5) Lair:5
    Orc (2/2) D:10            Elf (0/3) Orc:2        Vaults (0/5) D:13
 Depths (0/4) D:15        Ossuary (visited)           IceCv (visited)
Volcano (visited)         Gauntlet (visited)

Altars:
Fedhas
Hepliaklqana
Trog
Xom
Lugonu

Shops:
D:2 (   D:11 *   Orc:2 *!*=

Portals:
Abyss: D:3 D:12
Trove: D:11 (give Singing Sword)

Annotations:
D:12 2 transporters, gabibbone's ghost, journeyman MiBe
Swamp:2 Louise


Innate Abilities, Weirdness & Mutations

You are an undead lich.
Your unarmed attacks are suffused with negative energy.
You are immune to unholy pain and torment.
Your necromantic spells are more powerful.
You cannot drink.
You are immune to poison.
((You are very nimble when in or above water. (Stealth+, EV+, Speed+++)))
Your lower body shifts to a powerful aquatic tail in water.
You have a pair of antennae on your head.
You are partially covered in iridescent scales. (AC +2)
Your flesh is very cold resistant. (rC++)
Armour fits poorly on your strangely shaped body.
Your body sometimes deteriorates upon taking damage.
You have an increased reservoir of magic. (+10% MP)
You are somewhat resistant to further mutation.
You passively map the area around you.
You occasionally shout uncontrollably at your foes.
You are weak. (Str -2)
Your movements are slightly less encumbered by armour. (ER -2)


Message History

The large abomination completely misses you.
The golden eye blinks! x2
Your legs become a tail as you enter the water.
The golden eye turns its gaze towards you.
A smoke demon comes into view.
The large abomination completely misses you.
The golden eye blinks at you. You resist with almost no effort.
The golden eye blinks!
The golden eye blinks at you.
You are more confused.
The ancient zyme misses you. The ancient zyme completely misses you.
The smoke demon gestures at you. The sticky flame misses you.
A tentacled starspawn comes into view.
You yell at the tentacled starspawn!
You hear two shouts!
The large abomination misses you. The golden eye blinks at you.
You resist with almost no effort. The golden eye blinks at you.
You resist with some effort.
Tentacles burst from the starspawn's body!
The golden eye blinks at you.
You resist with almost no effort. 2 starspawn tentacles come into view.
The golden eye blinks at you. You resist with almost no effort.
The golden eye blinks at you. You resist with almost no effort.
You bump into the stone wall.
The smoke demon gestures at you. Something smites you!
* * * LOW HITPOINT WARNING * * *
You are too confused!
You bump into the stone wall.
The golden eye blinks!
The smoke demon gestures at you. Something smites you!
You die...
Xom bursts into laughter!

##.. # #. . .#
#.## ##.#
#..##..# #
#L...##..# ##
##XX...# ##
..X.♣x3.♣♣.♣#.#
#♣X..#3##G.#
≈{≈w .♣.♣≈.. #
≈≈≈...♣♣.G≈.##
♣....≈♣ ♣♣†...#
♣♣♣♣♣. ♣.≈.#.#
.. .♣♣.###


You could see a tentacled starspawn, a large abomination, 2 smoke demons and a
golden eye.

Vanquished Creatures
  Jorgrun (D:14)
  A tentacled monstrosity (Swamp:2)
  Kirke (Swamp:1)
  2 frost giants (IceCv)
  A ghost moth (Abyss:3)
  The ghost of Ahonude the Brawler, a journeyman TrMo of Qazlal (D:13)
  An ironbound preserver (D:13)
  A quicksilver ooze (Gauntlet)
  A broodmother (D:11)
  Nessos (D:13)
  An eleionoma (Swamp:1)
  Azrael (D:15)
  An entropy weaver (D:8)
  A white draconian (IceCv)
  2 bunyips
  A minotaur (Gauntlet)
  An ettin (D:15)
  Snorg (D:14)
  A fire dragon (Lair:6)
  Josephine (D:14)
  A rakshasa (D:13)
  2 boulder beetles
  Erolcha (Orc:1)
  An ice dragon (IceCv)
  2 ironbound frosthearts (IceCv)
  3 ogre magi
  6 hydras
  6 centaur warriors
  8 alligators
  5 tengu warriors
  A ghost crab (Swamp:1)
  14 two-headed ogres
  16 death yaks
  Urug (Lair:3)
  A hell knight (Volcano)
  Sonja (Orc:2)
  2 goliath frogs (Swamp:1)
  A spriggan druid (Swamp:1)
  6 skeletal warriors (D:13)
  A fire crab (Lair:6)
  A sea snake (D:13)
  A salamander mystic (Volcano)
  3 deep trolls
  2 wizards (D:15)
  A necromancer (Gauntlet)
  3 bog bodies
  Pikel (D:8)
  An orange crystal statue (IceCv)
  5 deep elf zephyrmancers (Orc:1)
  3 orc knights
  4 deep elf pyromancers (Orc:1)
  5 cyclopes
  A will-o-the-wisp (Swamp:1)
  A manticore (D:14)
  4 salamanders (Volcano)
  4 orc sorcerers
  12 ugly things
  8 elephants
  5 molten gargoyles
  6 black mambas
  4 gargoyles
  8 cane toads
  25 rime drakes
  A tengu conjurer (D:15)
  7 komodo dragons
  A troll (shapeshifter) (D:13)
  A merfolk (shapeshifter) (D:11)
  3 meliai (D:13)
  11 trolls
  18 polar bears
  14 slime creatures
  Grinder (D:3)
  6 tyrant leeches
  2 hornets
  14 blink frogs
  2 dream sheep (Lair:5)
  A jumping spider (shapeshifter) (D:15)
  5 flying skulls (Abyss:3)
  2 ynoxinuls (Abyss:3)
  4 wraiths
  2 shadows
  14 wyverns
  6 fire elementals (D:15)
  3 fire bats
  51 yaks
  8 basilisks
  A basilisk (shapeshifter) (D:14)
  3 golden eyes
  A neqoxec (Abyss:3)
  4 steam dragons
  5 swamp worms
  Menkaure (D:6)
  9 vampire mosquitoes
  6 wargs
  Edmund (D:6)
  7 hell hounds
  4 nagas (Lair:2)
  2 acid dragons
  19 water moccasins
  A swamp drake (Swamp:2)
  13 orc warriors
  A sky beast (Lair:1)
  A necrophage (D:3)
  4 black bears
  25 ogres
  16 wolves
  6 centaurs
  A lemure (D:8)
  2 kobold brigands
  3 small abominations (Abyss:3)
  A gnoll sergeant (D:12)
  13 bullfrogs
  A wyvern zombie (D:8)
  An earth elemental (Abyss:3)
  4 scorpions
  11 killer bees
  4 electric eels
  7 wights
  A howler monkey (D:12)
  4 centaur zombies
  8 lava snakes
  4 bullfrog zombies
  4 jellies
  15 orc priests
  A gnoll shaman (D:8)
  A centaur skeleton (D:6)
  Jessica (D:3)
  3 iguanas
  15 orc wizards
  18 hell rats
  3 howler monkey zombies
  2 mummies (Ossuary)
  Robin (D:2)
  8 gnolls
  4 adders
  2 river rats
  2 shadow imps
  2 white imps
  An adder skeleton (D:4)
  An adder zombie (D:4)
  3 dart slugs
  65 orcs
  7 ball pythons
  6 bats
  3 endoplasms
  4 giant cockroaches
  13 goblins
  11 hobgoblins
  7 jackals
  17 kobolds
  2 quokkas
  3 frilled lizards
  2 gnoll zombies (Ossuary)
  5 goblin zombies
  4 hobgoblin zombies (Ossuary)
  3 orc zombies (Ossuary)
  9 rats
  A rat zombie (D:8)
830 creatures vanquished.

Vanquished Creatures (collateral kills)
  An elephant (D:9)
  A blink frog (Lair:6)
  2 dream sheep (Lair:5)
  A yak (Lair:6)
  An iguana (D:6)
  2 orcs (Orc:2)
  2 kobolds (D:7)
10 creatures vanquished.

Vanquished Creatures (others)
  An ironbound frostheart (IceCv)
  2 death yaks
  2 ugly things (IceCv)
  A rime drake (IceCv)
  A polar bear (IceCv)
  A bloated husk (Swamp:1)
  3 blink frogs (Lair:6)
  A yak (Lair:6)
  A human (Swamp:1)
  A large abomination (Abyss:3)
  A hell hound (Lair:6)
  An orc priest (Orc:1)
  2 orc wizards
  An orc (Orc:1)
  6 foxfires
  44 fungi
  114 plants
  2 starspawn tentacles (Abyss:3)
185 creatures vanquished.

Grand Total: 1025 creatures vanquished

Notes
Turn   | Place    | Note
-------+----------+-------------------------------------------
     0 | D:1      | raph the Merfolk Gladiator began the quest for the Orb.
     0 | D:1      | Reached XP level 1. HP: 16/16 MP: 1/1
   358 | D:1      | Reached skill level 5 in Polearms
   364 | D:1      | Found a faded altar of an unknown god.
   388 | D:1      | Reached XP level 2. HP: 21/22 MP: 2/2
   397 | D:1      | Prayed at the altar of an unknown god.
   397 | D:1      | Became a worshipper of Xom of Chaos
   891 | D:1      | XOM: divination: detect creatures
  1033 | D:2      | Reached skill level 6 in Polearms
  1033 | D:2      | Reached XP level 3. HP: 27/27 MP: 3/3
  1490 | D:2      | XOM: silly message
  1653 | D:2      | Reached XP level 4. HP: 33/33 MP: 4/4
  1657 | D:2      | Reached skill level 7 in Polearms
  1725 | D:2      | XOM: silly message
  1753 | D:2      | Found Eddienou's Weapon Shop.
  1770 | D:2      | Noticed Robin
  1774 | D:2      | XOM: noise
  1803 | D:2      | Killed Robin
  2350 | D:3      | Noticed Jessica
  2351 | D:3      | Killed Jessica
  2352 | D:3      | Reached skill level 8 in Polearms
  2352 | D:3      | Reached XP level 5. HP: 38/38 MP: 5/5
  2353 | D:3      | Found a large runed translucent door.
  2355 | D:3      | Found a large runed translucent door.
  2357 | D:3      | Found a corrupted altar of Lugonu.
  2382 | D:3      | Found a one-way gate to the infinite horrors of the Abyss.
  2483 | D:3      | XOM: silly message
  2536 | D:3      | Noticed a necrophage
  2547 | D:3      | Killed a necrophage
  2548 | D:3      | Reached skill level 9 in Polearms
  2851 | D:3      | XOM: god gift: 3 scrolls labelled SAICOLL HOTUC {god gift}
  2947 | D:3      | XOM is BORED!
  3002 | D:3      | XOM: noise
  3063 | D:3      | You fall into a shaft and drop 1 floor!
  3147 | D:4      | Reached XP level 6. HP: 5/44 MP: 6/6
  3334 | D:3      | XOM: cloud trail
  3348 | D:3      | XOM: god gift: 27 gold pieces
  3641 | D:3      | Noticed Grinder
  3645 | D:3      | XOM: potion effect (might)
  3649 | D:3      | XOM: cast spell 'Call Canine Familiar'
  3650 | D:3      | XOM: potion effect (invisibility)
  3652 | D:3      | Paralysed by Grinder for 7 turns
  3662 | D:3      | Killed Grinder
  3663 | D:3      | Reached skill level 11 in Polearms
  3663 | D:3      | Reached XP level 7. HP: 12/50 MP: 7/7
  3904 | D:3      | XOM: silly message
  4343 | D:4      | XOM: silly message
  4365 | D:4      | XOM: silly message
  4804 | D:4      | XOM: silly message
  4808 | D:4      | Reached skill level 12 in Polearms
  4923 | D:4      | XOM: silly message
  4948 | D:4      | XOM: silly message
  5029 | D:4      | Found a shimmering altar of Xom.
  5040 | D:4      | XOM: silly message
  5553 | D:4      | XOM: divination: magic mapping
  5661 | D:5      | Entered Level 5 of the Dungeon
  5772 | D:5      | Reached skill level 13 in Polearms
  5772 | D:5      | Reached XP level 8. HP: 31/56 MP: 8/8
  6002 | D:5      | Found a staircase to the Ecumenical Temple.
  6370 | D:5      | XOM: god gift: 22 gold pieces
  6470 | D:5      | XOM: scenery: 1 doors open
  6519 | D:5      | XOM: noise
  6536 | D:5      | XOM: cast spell 'Call Canine Familiar'
  6542 | D:5      | XOM: polymorph hound -> river rat
  6545 | D:5      | Reached skill level 14 in Polearms
  6878 | D:6      | Reached skill level 1 in Stealth
  7078 | D:5      | XOM: give mutations
  7078 | D:5      | Gained mutation: You are strong-willed. (Will+) [Xom's
                  | mischief]
  7078 | D:5      | Lost mutation: You are strong-willed. (Will+) [Xom's
                  | mischief]
  7078 | D:5      | Gained mutation: You are dopey. (Int -2) [Xom's mischief]
  7117 | D:6      | XOM: summons 5 friendly demons
  7420 | D:6      | Reached skill level 5 in Dodging
  7453 | D:6      | XOM: silly message
  7465 | D:6      | Noticed Edmund
  7522 | D:6      | XOM: noise
  7535 | D:6      | XOM: chaos cloud
  7546 | D:6      | Killed Edmund
  7547 | D:6      | Reached skill level 1 in Armour
  7597 | D:6      | XOM: polymorph howler monkey -> wolf
  7599 | D:6      | XOM: polymorph wolf -> fire bat
  7603 | D:6      | XOM: swap monsters
  7604 | D:6      | XOM: 1-stop teleportation journey
  7659 | D:6      | XOM: summons 4 friendly demons
  7679 | D:6      | Reached XP level 9. HP: 37/63 MP: 9/9
  7918 | D:6      | XOM: divination: detect creatures
  8140 | D:6      | Noticed Menkaure
  8142 | D:6      | XOM: potion effect (brilliance)
  8143 | D:6      | XOM: 1-stop teleportation journey
  8426 | D:6      | Killed Menkaure
  8535 | D:6      | XOM: give mutations
  8535 | D:6      | Gained mutation: You are agile. (Dex +2) [Xom's grace]
  8535 | D:6      | Gained mutation: You are somewhat resistant to further
                  | mutation. [Xom's grace]
  8551 | D:6      | XOM: give mutations
  8551 | D:6      | Gained mutation: You are strong-willed. (Will+) [Xom's
                  | grace]
  8551 | D:6      | Gained mutation: You have sharp fingernails. [Xom's grace]
  8873 | D:7      | Reached skill level 5 in Fighting
  8901 | D:7      | XOM: cleaving
  9112 | D:6      | XOM: give mutations
  9112 | D:6      | Gained mutation: You are frail. (-10% HP) [Xom's mischief]
  9112 | D:6      | Lost mutation: You are somewhat resistant to further
                  | mutation. [Xom's mischief]
  9112 | D:6      | Gained mutation: You are very dopey. (Int -4) [Xom's
                  | mischief]
  9127 | D:7      | XOM: butterfly on damage
  9145 | D:7      | XOM: butterfly on damage
  9167 | D:6      | XOM: god gift: 43 gold pieces
  9656 | D:7      | XOM: summons friendly white imp
  9661 | D:7      | XOM: 1-stop teleportation journey
  9688 | D:7      | XOM: god gift: 17 gold pieces
  9738 | D:7      | XOM: 10-stop teleportation journey
  9755 | D:7      | XOM: summons 5 hostile demons
 10362 | D:7      | XOM: smoke on damage
 10363 | D:7      | XOM: scenery: summon butterflies
 10374 | D:7      | XOM: swap monsters
 10380 | D:6      | XOM: polymorph killer bee -> river rat
 10684 | D:6      | Reached XP level 10. HP: 39/68 MP: 10/10
 10994 | D:7      | XOM: summons 2 friendly demons
 11175 | D:7      | XOM: god gift: +2 glaive of venom
 11289 | D:8      | XOM: noise
 11334 | D:8      | Noticed Pikel
 11352 | D:8      | Killed Pikel
 11365 | D:8      | XOM: cloud trail
 11471 | D:8      | XOM: god gift: scroll of amnesia
 11604 | D:8      | Found a sand-covered staircase.
 11611 | Ossuary  | Entered an ossuary
 11755 | D:8      | XOM: cleaving
 11756 | D:8      | XOM: cleaving
 11761 | D:8      | Reached skill level 5 in Stealth
 11816 | D:8      | XOM: god gift: +0 kite shield of fire resistance
 12111 | D:8      | Identified the ring "Saheist" {rElec rPois rC+ Dex+2}
 12116 | D:8      | XOM: smoke on damage
 12249 | D:8      | Noticed a green ugly thing
 12263 | D:8      | Killed a green ugly thing
 12831 | D:9      | Noticed an elephant
 12834 | D:9      | Reached skill level 5 in Throwing
 12840 | D:9      | XOM: summons 10 friendly demons
 12842 | D:9      | Killed an elephant
 12875 | D:9      | XOM: scenery: 1 doors open
 12880 | D:9      | Reached XP level 11. HP: 62/76 MP: 11/11
 12884 | D:9      | XOM: summons friendly ufetubus
 12895 | D:9      | Reached skill level 15 in Polearms
 12895 | D:9      | Reached skill level 10 in Dodging
 13068 | D:9      | XOM: give mutations
 13068 | D:9      | Gained mutation: You are highly strong-willed. (Will++)
                  | [Xom's grace]
 13068 | D:9      | Gained mutation: You have supernaturally acute eyesight.
                  | (SInv) [Xom's grace]
 13237 | D:9      | XOM is BORED!
 13237 | D:9      | XOM: chaos upgrade
 13416 | D:9      | Noticed a death yak
 13417 | D:9      | Found a staircase to the Lair.
 13417 | D:9      | Noticed a death yak
 13417 | D:9      | Noticed a death yak
 13417 | D:9      | Noticed a death yak
 13417 | D:9      | Noticed a death yak
 13420 | D:9      | Noticed a death yak
 13426 | D:9      | Noticed a death yak
 13436 | D:9      | Killed a death yak
 13443 | D:9      | XOM: repel stairs
 13450 | D:9      | XOM: potion effect (haste)
 13531 | D:8      | XOM: noise
 14020 | D:9      | XOM: 4-stop teleportation journey
 14040 | D:9      | XOM: swap monsters
 14191 | D:9      | XOM: silly message
 14193 | D:9      | Killed a death yak
 14203 | D:9      | XOM: divination: detect creatures
 14208 | D:9      | XOM: potion effect (haste)
 14220 | D:9      | XOM: potion effect (invisibility)
 14227 | D:8      | XOM: scenery: summon butterflies
 14241 | D:8      | Killed a death yak
 14543 | D:9      | XOM: cloud trail
 14642 | D:9      | XOM: butterfly on damage
 14643 | D:9      | XOM: polymorph butterfly -> adder
 14644 | D:9      | XOM: summons friendly ufetubus
 14646 | D:9      | XOM: destruction
 14651 | D:9      | Killed a death yak
 14651 | D:9      | XOM: divine lightning
 14972 | D:8      | Noticed an entropy weaver
 14972 | D:8      | a death yak changed into an entropy weaver
 14972 | D:8      | XOM: polymorph death yak -> entropy weaver
 14975 | D:8      | XOM: divine lightning
 14977 | D:8      | Killed an entropy weaver
 15035 | D:8      | Killed a death yak
 15154 | D:9      | XOM: confuse monster(s)
 15155 | D:9      | Killed a death yak
 15268 | D:9      | XOM: god gift: scroll of torment
 15349 | Lair:1   | Entered Level 1 of the Lair of Beasts
 15350 | Lair:1   | Noticed a six-headed hydra
 15353 | Lair:1   | XOM: polymorph bullfrog -> killer bee
 15367 | D:9      | XOM: divination: detect items
 15378 | D:9      | Killed a six-headed hydra
 15399 | Lair:1   | XOM: give mutation
 15399 | Lair:1   | Gained mutation: You passively map a small area around you.
                  | [Xom's grace]
 15457 | Lair:1   | Identified the +4 ring mail of Daisies {rC- rCorr Dex+8}
 15497 | Lair:1   | Reached skill level 16 in Polearms
 15633 | Lair:1   | XOM: god gift: staff of poison
 15679 | Lair:1   | XOM: polymorph bullfrog -> sky beast
 15680 | Lair:1   | XOM: silly message
 15712 | Lair:1   | Reached XP level 12. HP: 85/85 MP: 12/12
 15759 | Lair:1   | XOM: draining
 15831 | Lair:1   | XOM: silly message
 16045 | Lair:1   | XOM: silly message
 16270 | Lair:1   | XOM: potion effect (brilliance)
 16470 | Lair:2   | XOM: cast spell 'Dispersal'
 16473 | Lair:2   | XOM: divination: magic mapping
 16474 | Lair:2   | XOM: summons friendly white imp
 16591 | Lair:2   | You fall into a shaft and drop 1 floor!
 16610 | Lair:2   | XOM: confuse monster(s)
 16611 | Lair:2   | XOM: enchant monster (good)
 16801 | Lair:2   | Found a staircase to the Snake Pit.
 16824 | Lair:2   | XOM: cloud trail
 16919 | Lair:2   | XOM: cast spell 'Leda's Liquefaction'
 16926 | Lair:2   | XOM: summons 7 hostile demons
 16927 | Lair:2   | XOM: summons 7 hostile demons
 16930 | Lair:2   | XOM: silly message
 16937 | Lair:2   | HP: 4/87 [rust devil[Xom] (5)]
 16939 | Lair:2   | Reached skill level 10 in Fighting
 16939 | Lair:2   | XOM: noise
 16960 | Lair:2   | XOM: give mutations
 16960 | Lair:2   | Lost mutation: You are frail. (-10% HP) [Xom's mischief]
 16960 | Lair:2   | Lost mutation: You are highly strong-willed. (Will++)
                  | [Xom's mischief]
 16960 | Lair:2   | Lost mutation: You have supernaturally acute eyesight.
                  | (SInv) [Xom's mischief]
 16960 | Lair:2   | Gained mutation: Your body sometimes deteriorates upon
                  | taking damage. [Xom's mischief]
 17427 | Lair:2   | XOM: summons 1 hostile shadow creature
 17592 | Lair:2   | XOM: noise
 17627 | Lair:2   | XOM: cloud trail
 17873 | Lair:2   | XOM is BORED!
 17873 | Lair:2   | XOM: silly message
 18125 | Lair:2   | XOM: divination: magic mapping
 18310 | Lair:3   | Reached skill level 17 in Polearms
 18342 | Lair:3   | XOM: blink monster(s)
 18426 | Lair:3   | XOM: swap monsters
 18433 | Lair:3   | XOM: confusion (+ monsters)
 18450 | Lair:3   | Reached skill level 5 in Armour
 18544 | Lair:3   | XOM: divination: detect creatures
 18643 | Lair:3   | Noticed Urug
 18667 | Lair:3   | XOM: potion effect (experience)
 18667 | Lair:3   | Reached skill level 19 in Polearms
 18667 | Lair:3   | Reached XP level 13. HP: 31/103 MP: 13/13
 18851 | Lair:2   | XOM: cast spell 'Leda's Liquefaction'
 18977 | Lair:3   | XOM: scenery: create altars
 18979 | Lair:3   | XOM: cast spell 'Statue Form'
 18983 | Lair:3   | Killed Urug
 18984 | Lair:3   | Reached XP level 14. HP: 111/111 MP: 14/14
 18996 | Lair:3   | XOM: noise
 19185 | Lair:3   | XOM: god gift: 29 arrows
 19411 | Lair:3   | XOM: summons 2 hostile shadow creatures
 19546 | Lair:3   | XOM: summons 8 hostile demons
 19631 | Lair:2   | XOM: summons 1 hostile shadow creature
 19981 | Lair:4   | XOM: 4-stop teleportation journey
 20021 | Lair:4   | XOM: 9-stop teleportation journey
 20387 | Lair:4   | Found a dark tunnel.
 20394 | Volcano  | Entered a volcano
 20531 | Volcano  | Found a radiant altar of Vehumet.
 20563 | Volcano  | XOM: cleaving
 20564 | Volcano  | XOM: cast spell 'Death Channel'
 20569 | Volcano  | Reached skill level 20 in Polearms
 20872 | Volcano  | XOM: confuse monster(s)
 20889 | Volcano  | XOM: smoke on damage
 21129 | Lair:4   | XOM: 1-stop teleportation journey
 21157 | Lair:4   | Found a staircase to the Swamp.
 21270 | Lair:4   | XOM is BORED!
 21270 | Lair:4   | XOM: noise
 21321 | Lair:5   | XOM: cast spell 'Olgreb's Toxic Radiance'
 21545 | Lair:4   | XOM: god gift: 933 gold pieces
 21576 | Lair:5   | Found a staircase to the Slime Pits.
 21591 | Lair:5   | XOM: polymorph water moccasin -> warg
 21673 | Lair:5   | Found a gate leading to a gauntlet.
 21678 | Gauntlet | Entered a Gauntlet
 21678 | Gauntlet | Noticed a quicksilver ooze
 21678 | Gauntlet | Found a transporter.
 21678 | Gauntlet | Found a transporter.
 21678 | Gauntlet | Found a transporter.
 21679 | Gauntlet | Found a transporter.
 21682 | Gauntlet | Found a transporter.
 21692 | Gauntlet | Found a transporter.
 21701 | Gauntlet | Found a transporter.
 21707 | Gauntlet | Found a transporter.
 21715 | Gauntlet | Found a transporter.
 21734 | Gauntlet | Found a transporter.
 21743 | Gauntlet | Found a transporter.
 21749 | Gauntlet | XOM: noise
 21757 | Gauntlet | Found a transporter.
 21899 | Gauntlet | XOM: god gift: scroll of fear
 21916 | Gauntlet | Killed a quicksilver ooze
 21934 | Gauntlet | XOM: enchant monster (good)
 21942 | Gauntlet | XOM: divination: magic mapping
 21956 | Gauntlet | XOM: confuse monster(s)
 22285 | Gauntlet | Identified the -4 cloak of the Learner {rF+}
 22303 | Gauntlet | Found the +3 crown of Dyrovepreva {rElec Int+2 SInv}
 22327 | Gauntlet | Identified the +0 robe "Himem" {-Tele rElec Slay+2}
 22328 | Gauntlet | Got the Handbook of Scorching Orientation
 22446 | Lair:5   | XOM: divination: detect creatures
 22458 | Lair:5   | XOM: summons 4 friendly demons
 22666 | Lair:4   | XOM is BORED!
 22927 | Lair:5   | XOM: scenery: create altars
 22928 | Lair:5   | XOM: cast spell 'Summon Mana Viper'
 23024 | Lair:5   | XOM: noise
 23026 | Lair:5   | XOM: silly message
 23115 | Lair:5   | XOM: silly message
 23556 | Lair:6   | Entered Level 6 of the Lair of Beasts
 23633 | Lair:5   | XOM: noise
 23837 | Lair:6   | Reached skill level 15 in Dodging
 23908 | Lair:5   | XOM: silly message
 23964 | Lair:5   | XOM: cloud trail
 24137 | Lair:6   | XOM: silly message
 24286 | Lair:6   | XOM: summons 3 friendly demons
 24290 | Lair:6   | Reached XP level 15. HP: 122/122 MP: 15/15
 24290 | Lair:6   | XOM: destruction
 24419 | Lair:6   | Reached skill level 1 in Evocations
 24707 | Lair:6   | Found a large runed translucent door.
 24707 | Lair:6   | Found a large runed translucent door.
 24719 | Lair:6   | XOM: enchant monster (good)
 24778 | Lair:6   | XOM: divination: detect creatures
 24849 | Lair:6   | XOM: noise
 25063 | Lair:6   | XOM: confusion
 25405 | Lair:6   | XOM: summons 3 hostile shadow creatures
 25614 | Lair:6   | XOM: give mutations
 25614 | Lair:6   | Lost mutation: You are agile. (Dex +2) [Xom's mischief]
 25614 | Lair:6   | Gained mutation: You are weak. (Str -2) [Xom's mischief]
 25614 | Lair:6   | Lost mutation: You are very dopey. (Int -4) [Xom's
                  | mischief]
 26091 | D:10     | Entered Level 10 of the Dungeon
 26152 | D:10     | XOM: silly message
 26241 | D:10     | Found a blossoming altar of Fedhas.
 26318 | D:10     | XOM: summons 3 hostile shadow creatures
 26637 | D:10     | Reached skill level 10 in Stealth
 26761 | D:10     | Found a staircase to the Orcish Mines.
 26925 | Orc:1    | Entered Level 1 of the Orcish Mines
 27024 | Orc:1    | XOM: divination: magic mapping
 27116 | Orc:2    | Entered Level 2 of the Orcish Mines
 27150 | Orc:2    | Found a staircase to the Elven Halls.
 27151 | Orc:2    | Found Lamy's Assorted Antiques.
 27164 | Orc:2    | XOM: blink monster(s)
 27172 | Orc:2    | XOM: enchant monster (good)
 27178 | Orc:2    | XOM: polymorph ogre -> golden eye
 27238 | Orc:1    | XOM: silly message
 27314 | Orc:1    | XOM: 4-stop teleportation journey
 27338 | Orc:1    | XOM: enchant monster (bad)
 28302 | Orc:2    | Noticed Erolcha
 28319 | Orc:1    | Killed Erolcha
 28393 | Orc:1    | XOM: polymorph orc -> river rat
 28396 | Orc:1    | XOM: give mutations
 28396 | Orc:1    | Gained mutation: You are clumsy. (Dex -2) [Xom's mischief]
 28396 | Orc:1    | Gained mutation: Your spells are a little easier to cast,
                  | but a little less powerful. [Xom's mischief]
 28396 | Orc:1    | Lost mutation: Your body sometimes deteriorates upon taking
                  | damage. [Xom's mischief]
 28822 | Orc:2    | XOM: summons 15 friendly demons
 28825 | Orc:2    | Noticed Sonja
 28849 | Orc:2    | XOM: confuse monster(s)
 28853 | Orc:2    | Killed Sonja
 28941 | Orc:1    | XOM: give mutation
 28941 | Orc:1    | Gained mutation: Your movements are slightly less
                  | encumbered by armour. (ER -2) [Xom's grace]
 29200 | Orc:2    | Found Pifuny's Distillery.
 29211 | Orc:2    | Found Coqenacae's Jewellery Emporium.
 29214 | Orc:2    | Bought a potion of heal wounds for 80 gold pieces
 29214 | Orc:2    | Bought a potion of heal wounds for 80 gold pieces
 29214 | Orc:2    | Bought a potion of heal wounds for 80 gold pieces
 29214 | Orc:2    | Bought a potion of heal wounds for 80 gold pieces
 29214 | Orc:2    | Bought a potion of ambrosia for 128 gold pieces
 29216 | Orc:2    | Found Ismi's General Store.
 29243 | Orc:2    | XOM: scenery: create altars
 29247 | Orc:2    | XOM: confuse monster(s)
 29285 | Orc:2    | XOM: give mutations
 29285 | Orc:2    | Gained mutation: Your body sometimes deteriorates upon
                  | taking damage. [Xom's mischief]
 29285 | Orc:2    | Lost mutation: You have sharp fingernails. [Xom's mischief]
 29386 | Orc:2    | XOM: give mutations
 29386 | Orc:2    | Lost mutation: You are clumsy. (Dex -2) [Xom's grace]
 29386 | Orc:2    | Gained mutation: You have a pair of small antennae on your
                  | head. [Xom's grace]
 29537 | Orc:2    | XOM: scenery: create altars
 29576 | Orc:2    | XOM: god gift: condenser vane
 29765 | Orc:2    | XOM: give mutations
 29765 | Orc:2    | Gained mutation: You expend magic power (3 MP) to
                  | strengthen your wands. [Xom's grace]
 29765 | Orc:2    | Gained mutation: You are agile. (Dex +2) [Xom's grace]
 29827 | Orc:2    | Bought the ring of the Tortoise {AC+8} for 1920 gold pieces
 29827 | Orc:2    | Found the ring of the Tortoise {AC+8}
 29878 | Orc:2    | Bought a scroll of enchant weapon for 172 gold pieces
 29878 | Orc:2    | Bought a scroll of enchant armour for 172 gold pieces
 29878 | Orc:2    | Bought a scroll of fear for 80 gold pieces
 29878 | Orc:2    | Bought a fizzy ruby potion for 20 gold pieces
 29879 | Orc:2    | XOM: summons 2 hostile demons
 29894 | Orc:2    | XOM: scenery: summon butterflies
 30103 | D:11     | XOM: stat loss: -1 Int (7/8)
 30156 | D:11     | Found Hesylath's Specific Store.
 30156 | D:11     | Found Poycynti's General Store.
 30156 | D:11     | XOM: 5-stop teleportation journey
 30274 | D:11     | Reached XP level 16. HP: 132/132 MP: 16/16
 30723 | D:11     | Noticed Fannar
 30723 | D:11     | Noticed Fannar
 30723 | D:11     | Fannar changed into Fannar the broodmother
 30723 | D:11     | XOM: polymorph Fannar -> Fannar the broodmother
 30734 | D:11     | Killed Fannar the broodmother
 30827 | D:11     | Found a portal to a secret trove of treasure.
 30961 | D:11     | XOM: 1-stop teleportation journey
 30996 | D:11     | XOM: god gift: +0 staff of Battle
 30997 | D:11     | Found the +0 staff of Battle
 31046 | D:11     | XOM: give mutations
 31046 | D:11     | Lost mutation: Your spells are a little easier to cast, but
                  | a little less powerful. [Xom's mischief]
 31046 | D:11     | Lost mutation: You are dopey. (Int -2) [Xom's mischief]
 31596 | D:12     | Found a transporter.
 31599 | D:12     | Noticed gabibbone's ghost (journeyman MiBe)
 31746 | D:12     | Found a transporter.
 31768 | D:12     | Found the +8 demon trident "Rift" {distort, reach+}
 31817 | D:12     | XOM: summons 4 hostile shadow creatures
 31825 | D:12     | XOM: polymorph two-headed ogre -> slime creature
 31870 | D:12     | XOM: god gift: piece from Xom's chessboard (15/15)
 32279 | D:13     | Found a runed translucent gate.
 32279 | D:13     | Found a runed translucent gate.
 32282 | D:13     | Found a runed translucent gate.
 32289 | D:13     | Noticed Ahonude's ghost (journeyman TrMo)
 32315 | D:13     | XOM: god gift: wand of iceblast (5)
 32332 | D:13     | Killed Ahonude's ghost
 32345 | D:13     | XOM is BORED!
 32345 | D:13     | XOM: give mutation
 32345 | D:13     | Lost mutation: You are strong-willed. (Will+) [Xom's
                  | mischief]
 32456 | D:13     | Noticed Nessos
 32456 | D:13     | XOM: 7-stop teleportation journey
 32675 | D:13     | XOM: summons 8 friendly demons
 32684 | D:13     | XOM: confuse monster(s)
 32864 | D:13     | Found a gate to the Vaults.
 32883 | D:13     | XOM: polymorph slime creature -> sea snake
 32885 | D:13     | XOM: cast spell 'Summon Small Mammal'
 33075 | D:13     | XOM: scenery: 4 doors close
 33230 | D:13     | Killed Nessos
 33315 | D:13     | XOM: destruction
 33542 | D:13     | XOM: give mutation
 33542 | D:13     | Gained mutation: You passively map the area around you.
                  | [Xom's grace]
 33621 | D:13     | Reached skill level 5 in Evocations
 33699 | D:13     | Found a bloodstained altar of Trog.
 34141 | D:14     | XOM: potion effect (haste)
 34390 | D:14     | Noticed Josephine
 34392 | D:14     | Noticed Snorg
 34394 | D:14     | Noticed Jorgrun
 34399 | D:14     | Killed Josephine
 34404 | D:14     | XOM: confuse monster(s)
 34426 | D:14     | XOM: divination: detect items
 34428 | D:14     | Killed Jorgrun
 34429 | D:14     | Killed Snorg
 34457 | D:14     | XOM: god gift: 18 gold pieces
 34924 | D:14     | XOM: cast spell 'Alistair's Intoxication'
 34944 | D:14     | XOM: potion effect (curing)
 34960 | D:14     | XOM: potion effect (brilliance)
 34965 | D:14     | XOM: enchant monster (bad)
 34966 | D:14     | XOM: blink monster(s)
 34970 | D:14     | XOM: polymorph three-headed hydra -> glowing shapeshifter
 34989 | D:14     | XOM: cloud trail
 35418 | D:14     | XOM: scenery: create altars
 35506 | D:14     | XOM: confuse monster(s)
 35526 | D:14     | XOM: god gift: 10 sling bullets
 35895 | D:15     | Entered Level 15 of the Dungeon
 35929 | D:15     | Found a staircase to the Depths.
 35940 | D:15     | Reached skill level 15 in Fighting
 35940 | D:15     | Reached skill level 10 in Throwing
 36185 | D:15     | XOM: cleaving
 36250 | D:15     | XOM: 6-stop teleportation journey
 36273 | D:15     | Found a frozen archway.
 36282 | IceCv    | Entered an ice cave
 36297 | IceCv    | XOM: cast spell 'Metabolic Englaciation'
 36357 | IceCv    | XOM: smoke on damage
 36750 | IceCv    | Reached XP level 17. HP: 142/142 MP: 17/17
 36778 | IceCv    | XOM: swap monsters
 36782 | IceCv    | XOM: fog
 36798 | IceCv    | XOM: noise
 36803 | IceCv    | XOM: swap monsters
 36805 | IceCv    | XOM: torment (37/142 hp)
 36812 | IceCv    | XOM: give mutations
 36812 | IceCv    | Lost mutation: You are agile. (Dex +2) [Xom's mischief]
 36812 | IceCv    | Gained mutation: You occasionally shout uncontrollably at
                  | your foes. [Xom's mischief]
 36812 | IceCv    | Gained mutation: Your flesh is cold resistant. (rC+) [Xom's
                  | mischief]
 36814 | IceCv    | XOM: god gift: manual of Fighting
 36816 | IceCv    | XOM: enchant monster (good)
 36819 | IceCv    | XOM: summons friendly crimson imp
 37159 | IceCv    | XOM: god gift: hand axe {god gift}
 37221 | IceCv    | XOM: god gift: pair of embroidered gloves {god gift}
 37223 | IceCv    | XOM: scenery: summon butterflies
 37255 | IceCv    | Identified the +0 hat of Winter {Int+7}
 37296 | IceCv    | XOM: confuse monster(s)
 37310 | IceCv    | XOM: scenery: summon butterflies
 37350 | IceCv    | XOM: god gift: lightning rod (4/4)
 37438 | IceCv    | XOM: give mutations
 37438 | IceCv    | Gained mutation: Your flesh is very cold resistant. (rC++)
                  | [Xom's grace]
 37438 | IceCv    | Gained mutation: You passively map a large area around you.
                  | [Xom's grace]
 37438 | IceCv    | Gained mutation: You are somewhat resistant to further
                  | mutation. [Xom's grace]
 37438 | IceCv    | Gained mutation: You are agile. (Dex +2) [Xom's grace]
 37515 | IceCv    | XOM: scenery: create altars
 37769 | IceCv    | XOM: destruction
 38223 | D:15     | XOM: 3-stop teleportation journey
 38224 | D:15     | XOM: torment (73/144 hp)
 38499 | D:15     | XOM: stat loss: -1 Dex (25/27)
 38555 | D:15     | Found a hazy altar of Hepliaklqana.
 38653 | D:15     | XOM: summons 9 hostile demons
 38728 | D:15     | XOM: confusion
 39047 | D:15     | XOM: give mutation
 39047 | D:15     | Gained mutation: You are partially covered in iridescent
                  | scales. (AC +2) [Xom's grace]
 39159 | D:15     | XOM: god gift: 891 gold pieces
 39248 | D:15     | XOM: give mutations
 39248 | D:15     | Gained mutation: You have an increased reservoir of magic.
                  | (+10% MP) [Xom's grace]
 39248 | D:15     | Gained mutation: You have a pair of antennae on your head.
                  | [Xom's grace]
 39250 | D:15     | XOM: scenery: 3 doors open
 39250 | D:15     | Noticed Azrael
 39272 | D:15     | XOM: potion effect (heal wounds)
 39284 | D:15     | Killed Azrael
 39353 | D:15     | XOM: silly message
 39579 | D:14     | XOM: divination: detect items
 39631 | D:11     | Bought a scroll of acquirement for 832 gold pieces
 39631 | D:11     | Acquired the +2 pair of gloves of Ebutaena {+Inv}
 39813 | Swamp:1  | Entered Level 1 of the Swamp
 40165 | Swamp:1  | XOM: silly message
 40180 | Swamp:1  | XOM: divination: magic mapping
 40418 | Swamp:1  | Noticed Kirke
 40420 | Swamp:1  | XOM: potion effect (might)
 40424 | Swamp:1  | Killed Kirke
 40679 | Swamp:2  | Noticed a tentacled monstrosity
 40693 | Swamp:2  | Killed a tentacled monstrosity
 40749 | Swamp:1  | XOM: silly message
 41184 | Swamp:2  | XOM: divination: detect creatures
 41276 | Swamp:2  | Noticed Louise
 41280 | Swamp:2  | XOM: divination: magic mapping
 41289 | Swamp:2  | Cast into level 3 of the Abyss (Louise)
 41446 | Abyss:3  | XOM: give mutations
 41446 | Abyss:3  | Lost mutation: You expend magic power (3 MP) to strengthen
                  | your wands. [Xom's mischief]
 41446 | Abyss:3  | Lost mutation: You passively map a large area around you.
                  | [Xom's mischief]
 41446 | Abyss:3  | Gained mutation: Armour fits poorly on your strangely
                  | shaped body. [Xom's mischief]
 41446 | Abyss:3  | Lost mutation: You are agile. (Dex +2) [Xom's mischief]
 41477 | Abyss:3  | XOM: confusion (+ monsters)
 41510 | Abyss:3  | XOM: enchant monster (good)
 41522 | Abyss:3  | XOM: cast spell 'Necromutation'
 41530 | Abyss:3  | Noticed a tentacled starspawn
 41536 | Abyss:3  | Killed from afar by a smoke demon

Illustrated notes

Levels and vault maps discovered:
D:1:      dpeg_arrival_circle_labyrinth_c, layout_rooms,
          shapermc_ecumenical_altar_mp_urbaneastern, feat_on_display
D:2:      minmay_angry_zag, layout_basic, serial_glass, glass_columns_b,
          glass_columns_b, glass_columns_b, glass_columns_a, glass_columns_b,
          glass_columns_a, glass_columns_a, glass_columns_b, glass_columns_a,
          glass_columns_b, glass_columns_a, glass_columns_a, glass_columns_a,
          glass_columns_b, serial_shops, nicolae_shop_window_shopping,
          uniq_robin
D:3:      due_chaos_kobolds, layout_basic, uniq_jessica, uniq_grinder
D:4:      layout_basic, kennysheep_mini, serial_aquarium, aquarium_bridge_square
          [aquarium_subvault_window, aquarium_subvault_wall,
          aquarium_subvault_bridge, aquarium_subvault_window],
          aquarium_bridge_straight [aquarium_subvault_bridge,
          aquarium_subvault_window, aquarium_subvault_bridge,
          aquarium_subvault_wall], aquarium_window_1,
          aquarium_window_corridor_3, aquarium_view_2c, aquarium_pool_five,
          minivault_19
D:5:      layout_gridville, minmay_temple_entry_glassed_door
D:6:      layout_cave_pools, uniq_edmund, uniq_menkaure
D:7:      layout_rooms
D:8:      minmay_octagon_keep, layout_basic, enter_ossuary_4, uniq_pikel
D:9:      wad_woods_tower, layout_rooms, dpeg_lair_monsters
D:10:     layout_cave_pools, fedhas_altar_4, orc_0_dummy
D:11:     layout_loops_corners, enter_trove_0, nicolae_specific_store,
          uniq_fannar
D:12:     layout_basic, gammafunk_ghost_abyssal_escape
D:13:     layout_loops_cross, skrybe_vaults_entry_preservation,
          ebering_ghost_rock_garden, trog_butcher_becter, uniq_nessos
D:14:     layout_basic, special_room [special_room_mythical_zoo], uniq_jorgrun,
          uniq_josephine, uniq_snorg
D:15:     hangedman_depths_entry_civil_slaughter, layout_stronghold,
          portal_ice_cave_entry_pillars_three, roderic_lattice_a,
          nicolae_hepliaklqana_hazy_memory, uniq_azrael
Lair:1:   layout_roguey
Lair:2:   layout_regular_city, minmay_snake_entry_guardpost_small, minivault_26,
          lemuel_fruit_tree
Lair:3:   layout_chaotic_city, wad_woods_06, uniq_urug
Lair:4:   layout_regular_city, nicolae_swamp_entry_splash_gauntlet,
          nicolae_volcano_entry_s_turn, grunt_megastairs_5
Lair:5:   layout_gridlike, minmay_slime_entry_pillars, gauntlet_entry_generic,
          serial_bayou_lake_a
Lair:6:   cheibrodos_lair_end_hotspot, layout_regular_city, serial_forest,
          infiniplex_forest_clump_tiny, infiniplex_forest_clump_curved,
          infiniplex_forest_straight_4, infiniplex_forest_end_3,
          infiniplex_forest_lined_4_way, infiniplex_forest_clump_diagonal,
          infiniplex_forest_lined_room_2
Swamp:1:  layout_basic_swamp, nicolae_swamp_bean_lake, uniq_kirke
Swamp:2:  layout_basic_swamp, gammafunk_ghost_cemetery, serial_swamp_ruin,
          evilmike_swamp_ruin_rubble_2, evilmike_swamp_ruin_house_4, uniq_louise
Orc:1:    layout_caves, library_closet, elves_outpost_lemuel
Orc:2:    st_orc_open, layout_caves, uniq_sonja, uniq_erolcha
Abyss:3:  base:
D:9

Skill      XL: |  1  2  3  4  5  6  7  8  9 10 11 12 13 14 15 16 17 |
---------------+----------------------------------------------------+-----
Polearms       | 5 6 8 9 11 13 14 16 19 20 | 20.0
Stealth        | 2 4 5 6 8 9 10 11 12 | 12.5
Fighting       | 3 6 7 9 10 12 13 15 17 | 17.0
Dodging        | 5 8 9 11 12 13 15 16 18 19 | 19.3
Armour         | 1 2 3 4 5 6 7 8 |  8.1
Throwing       | 4 5 6 7 8 9 10 | 10.8
Evocations     | 4 5 6 |  6.8

Action                   |  1- 3 |  4- 6 |  7- 9 | 10-12 | 13-15 | 16-18 || total
-------------------------+-------+-------+-------+-------+-------+-------++-------
Melee: Trident           |   136 |   118 |   305 |    14 |       |       ||   573
       Punch             |       |     1 |     2 |       |       |       ||     3
       Halberd           |       |       |   161 |    35 |       |       ||   196
       Glaive            |       |       |       |   564 |   943 |  1207 ||  2714
       Tailslap          |       |       |       |       |     7 |    24 ||    31
Throw: Throwing net      |       |     2 |       |       |     3 |       ||     5
       Dart              |       |       |    23 |    28 |     6 |     2 ||    59
       Boomerang         |       |       |       |    26 |    45 |       ||    71
       Javelin           |       |       |       |       |     5 |       ||     5
       Stone             |       |       |       |       |     1 |       ||     1
Evoke: Wand              |       |       |       |       |     5 |       ||     5
       Condenser vane    |       |       |       |       |       |     1 ||     1
  Use: Scroll            |       |     9 |     9 |    10 |     8 |     8 ||    44
       Potion            |       |     1 |     2 |     3 |     5 |     7 ||    18
 Stab: Invisible         |       |     1 |       |     4 |     4 |       ||     9
       Sleeping          |       |       |     5 |     8 |    17 |    22 ||    52
       Distracted        |       |       |     1 |     3 |     8 |    13 ||    25
       Confused          |       |       |       |     8 |    15 |    11 ||    34
Armor: Ring mail         |    33 |    30 |    87 |   106 |    22 |       ||   278
       Chain mail        |     2 |       |       |       |       |       ||     2
       Acid dragon scale |       |       |       |       |    29 |       ||    29
       Fire dragon scale |       |       |       |       |    48 |   360 ||   408
Dodge: Dodged            |    54 |    35 |   319 |   614 |   819 |  1050 ||  2891
